 Dungeon Crawl Stone Soup version 0.26-a0-75-ga645b5fb18 (webtiles) character file.

Game seed: 5185325245285974276

616 Gargoyl the Chopper (level 7, -4/59 HPs)
             Began as a Centaur Abyssal Knight on June 15, 2020.
             Was a Priest of Lugonu.
             Slain by Pikel
             ... wielding a +2 whip of electrocution
              (16 damage)
             ... on level 4 of the Dungeon.
             The game lasted 00:08:50 (6294 turns).

Gargoyl the Chopper (Centaur Abyssal Knight)        Turns: 6294, Time: 00:08:51

Health: -4/59      AC: 10    Str: 15    XL:     7   Next: 21%
Magic:  9/9        EV:  9    Int: 14    God:    Lugonu [***...]
Gold:   302        SH:  0    Dex: 10    Spells: 6/6 levels left

rFire    . . .     SeeInvis .   a - +4 hand axe
rCold    . . .     Gourm    .   (no shield)
rNeg     + . .     Faith    .   s - +0 ring mail {rN+}
rPois    .         Spirit   .   e - +0 helmet {Int+3}
rElec    .         Reflect  .   u - +2 cloak
rCorr    .         Harm     .   (no gloves)
MR       .....                  (no barding)
Stlth    ..........             (no amulet)
HPRegen  0.19/turn              (no ring)
MPRegen  0.11/turn              (no ring)

@: confused, lightly drained, very quick
A: large, hooves 3, deformed body, speed 2, tough skin 3
a: Depart the Abyss, Bend Space, Banish, Renounce Religion


You were on level 4 of the Dungeon.
You worshipped Lugonu.
Lugonu was most pleased with you.
You were not hungry.

You visited 1 branch of the dungeon, and saw 6 of its levels.
You visited the Abyss 1 time.

You collected 302 gold pieces.

Inventory:

Hand Weapons
 a - a +4 hand axe (weapon)
Missiles
 b - 7 boomerangs (quivered)
Armour
 e - a +0 helmet of intelligence (worn)
 n - a scarf of resistance
 s - a +0 ring mail of positive energy (worn)
 u - a +2 cloak (worn)
Wands
 q - a wand of polymorph (6)
Scrolls
 h - 3 scrolls of remove curse
 i - a scroll of identify
 l - 4 scrolls of teleportation
 m - a scroll of enchant armour
 o - a scroll of blinking
Potions
 d - 3 potions of stabbing
 k - 2 potions of haste
 r - a potion of ambrosia
Comestibles
 c - 11 rations


   Skills:
 + Level 4.0(3.9) Fighting
 + Level 4.1(4.0) Axes
 * Level 3.2(3.1) Armour
 * Level 2.3(2.2) Dodging
 * Level 3.8(3.6) Invocations


You had 6 spell levels left.
You didn't know any spells.
Your spell library contained the following spells:

 Spells                   Type           Power        Failure   Level  Hunger
 Beastly Appendage        Tmut           #.....       50%         1    ##.....
 Blink                    Tloc           N/A          63%         2    ###....
 Shroud of Golubria       Chrm/Tloc      #.....       63%         2    ###....
 Sticks to Snakes         Tmut           #.......     63%         2    ###....
 Gell's Gravitas          Tloc           #.........   86%         3    ####...
 Lesser Beckoning         Tloc           #.........   86%         3    ####...
 Spider Form              Tmut/Pois      #.........   86%         3    ####...
 Teleport Other           Tloc           #.......     86%         3    ####...
 Ice Form                 Ice/Tmut       #.......     99%         4    #####..
 Passage of Golubria      Tloc           N/A          99%         4    #####..
 Blade Hands              Tmut           #.........   100%        5    ######.


Dungeon Overview and Level Annotations

Branches:
Dungeon (6/15)
 Temple: D:4-7

Altars:
Dithmenos
Trog
Xom

Annotations:
D:4 Pikel
D:5 Dowan, Duvessa, Ijyb


Innate Abilities, Weirdness & Mutations

You have hooves in place of feet.
Armour fits poorly on your strangely shaped body.
You cover ground very quickly.
You have extremely tough skin. (AC +3)


Message History

Your +0 helmet of intelligence unmelds from your body.
Your +0 ring mail of positive energy unmelds from your body.
You feel clever.
You feel more protected from negative energy.
You feel yourself slow down.
It was a potion of ambrosia.
You are confused.
You feel invigorated. Pikel hits you but does no damage.
You're too confused to attack without stumbling around!
You're too confused to attack without stumbling around!
You're too confused to attack without stumbling around!
You're too confused to attack without stumbling around!
You're too confused to attack without stumbling around!
You're too confused to attack without stumbling around!
You're too confused to attack without stumbling around!
You're too confused to move!
Pikel hits you with a +2 whip of electrocution.
* * * LOW HITPOINT WARNING * * *
You are electrocuted!
You die...

##.#[.# #.......... #..#.##
#.......... #..#.# #..........
#..#.# ##...<..... #....#
#......... #....## #........≈
#..#..################.....≈≈≈
##.##.......[.............≈≈≈≈
#.###......K@............≈≈#≈
### #.################..≈≈≈≈≈
#.# #.≈≈#≈≈≈ #.## #.≈≈≈≈≈≈
#..# #..##≈≈≈ #..# ##≈≈≈≈≈≈
#..# #≈≈≈≈≈≈ ##.# ##.≈≈≈≈≈ #.#
###...≈≈≈≈


You could see Pikel.

Vanquished Creatures
  An ice beast (D:5)
  A slave (D:5)
  An ogre (D:5)
  A howler monkey (D:4)
  A centaur zombie (D:5)
  A hound (D:4)
  A bullfrog skeleton (D:4)
  A worker ant (D:3)
  8 adders
  3 gnolls (D:5)
  A shadow imp (D:5)
  An adder skeleton (D:4)
  3 worms (D:2)
  10 dart slugs
  6 leopard geckos
  12 orcs
  2 ball pythons
  7 bats
  2 giant cockroaches
  14 goblins
  9 hobgoblins
  7 kobolds
  3 quokkas
  8 frilled lizards
  2 jackal skeletons (D:4)
  6 rats
112 creatures vanquished.

Vanquished Creatures (others)
  A hound (D:4)
  An orc priest (D:5)
2 creatures vanquished.

Grand Total: 114 creatures vanquished

Notes
Turn   | Place    | Note
-------+----------+-------------------------------------------
     0 | Abyss:1  | Gargoyl the Centaur Abyssal Knight began the quest for the
                  | Orb.
     0 | Abyss:1  | Reached XP level 1. HP: 19/19 MP: 2/2
    13 | Abyss:1  | Found a corrupted altar of Lugonu.
   182 | Abyss:1  | Noticed a large abomination
   183 | Abyss:1  | Noticed a vampire mage
   187 | Abyss:1  | Noticed a neqoxec
   197 | Abyss:1  | Noticed a ynoxinul
   343 | Abyss:1  | Noticed a glowing orange brain
   348 | Abyss:1  | Noticed a large abomination
   348 | Abyss:1  | Noticed a raiju
   348 | Abyss:1  | Noticed a raiju
   348 | Abyss:1  | Noticed a raiju
   348 | Abyss:1  | Noticed a raiju
   349 | D:1      | Escaped the Abyss
   835 | D:1      | Reached XP level 2. HP: 25/26 MP: 3/3
  1348 | D:1      | Reached * piety under Lugonu
  1348 | D:1      | Reached skill level 1 in Dodging
  1617 | D:2      | Reached XP level 3. HP: 31/31 MP: 4/4
  1618 | D:2      | Found a shimmering altar of Xom.
  2170 | D:2      | Reached XP level 4. HP: 38/38 MP: 5/5
  2340 | D:2      | Found a shadowy altar of Dithmenos.
  2942 | D:3      | Reached ** piety under Lugonu
  3120 | D:3      | Found a bloodstained altar of Trog.
  3206 | D:3      | Reached XP level 5. HP: 45/45 MP: 5/7
  3629 | D:4      | Reached XP level 6. HP: 44/52 MP: 8/8
  4205 | D:4      | Reached *** piety under Lugonu
  4506 | D:5      | Entered Level 5 of the Dungeon
  4523 | D:5      | Noticed an ice beast
  4540 | D:5      | Killed an ice beast
  4556 | D:5      | Reached XP level 7. HP: 25/58 MP: 9/9
  4919 | D:5      | Noticed Duvessa
  4919 | D:5      | Noticed Dowan
  4919 | D:5      | Noticed Ijyb
  5632 | D:5      | Noticed Pikel
  6287 | D:4      | HP: 1/88 [Pikel/+2 whip of electrocution (17)]
  6294 | D:4      | Slain by Pikel

Illustrated notes

Levels and vault maps discovered:
D:1:      wheals_arrival_linesprint, layout_basic, serial_forest,
          infiniplex_forest_lined_2, infiniplex_forest_lined_room_2,
          infiniplex_forest_3_way, infiniplex_forest_clump_small,
          infiniplex_forest_lined_1, infiniplex_forest_clump_small,
          infiniplex_forest_clump_medium, minmay_split_cup_small
D:2:      layout_loops_corners, xom_butterflies, marbit_many_paths,
          minmay_randomly_rotated_circles
D:3:      corexii_shack_village, layout_rooms, bloody_trog, first_ration
D:4:      kennysheep_slugbush, layout_cave_pods, hangedman_decor_growths,
          minivault_14
D:5:      layout_loops_cross, uniq_duvessa, uniq_pikel, uniq_ijyb
D:6:      layout_basic, lemuel_temple_firewalk_b, gammafunk_ghost_smash

Skill      XL: |  1  2  3  4  5  6  7 |
---------------+----------------------+-----
Axes           | 2 3 4 |  4.1
Dodging        | 1 2 |  2.3
Armour         | 2 3 |  3.2
Invocations    | 3 |  3.8
Fighting       | 4 |  4.0

Action                   |  1- 3 |  4- 6 |  7- 9 || total
-------------------------+-------+-------+-------++-------
Melee: Hand axe          |   100 |   164 |    80 ||   344
       Kick              |    20 |    28 |    20 ||    68
Throw: Boomerang         |       |     2 |       ||     2
Invok: Depart the Abyss  |     1 |       |       ||     1
       Bend Space        |       |       |     2 ||     2
       Banish            |       |       |     2 ||     2
Evoke: Wand              |       |       |     1 ||     1
  Use: Scroll            |    10 |     5 |     1 ||    16
       Potion            |       |       |     6 ||     6
  Eat: Chunk             |     3 |     6 |     3 ||    12
       Ration            |       |       |     1 ||     1
Armor: Chain mail        |    77 |    44 |       ||   121
       Ring mail         |     5 |    67 |    32 ||   104
       Skin              |       |       |     6 ||     6
Dodge: Dodged            |    25 |    61 |    27 ||   113

Table legend:
 A = Non-vault XP
 B = Vault XP
 C = Vault XP percentage of total XP
 D = Non-vault monster count
 E = Vault monster count
 F = Vault count percentage of total count
                 A         B        C        D         E       F
            +---------+---------+-------+---------+---------+-------
      Total |     788 |      92 |  10.5 |      79 |      34 |  30.1
            +---------+---------+-------+---------+---------+-------
        D:1 |      35 |       5 |  12.5 |      16 |       3 |  15.8
        D:2 |      78 |      35 |  31.0 |      17 |      11 |  39.3
        D:3 |      82 |      24 |  22.6 |      14 |      13 |  48.1
        D:4 |     190 |      28 |  12.8 |      15 |       7 |  31.8
        D:5 |     403 |       0 |   0.0 |      17 |       0 |   0.0
            +---------+---------+-------+---------+---------+-------
